Russula, neutral male human Monk -------- |......| ------ |......| |....| |...%(..# |....| |......|# |....| ----|---# |....| #) # +# |...>.# # # # --.-|-# ### # # # ####[ # # ### # # # # # # # ############ # # ############## #--.-.------- # # # --.--- #|....>.....| # ----.- #.<...+ #|.@........| ### |....| |....| #+%.........| # |....| +....+ ------------ ###|....| ------ #.....| ------ Russula the Novice Experience level: 3 Strength: 16 Dexterity: 16 Constitution: 11 Intelligence: 9 Wisdom: 15 Charisma: 9 Health: 0(19) Energy: 17(17) Def: 8 Gold: 134 Moves: 884 Dungeon seed: Zl2f1hXmnLmvepMH Game ID: Russula_1465072985 Your Inventory: Coins $ - 134 gold pieces Armor e - an uncursed +2 pair of leather gloves (being worn) n - an uncursed +1 robe (being worn) q - an uncursed +0 pair of high boots (being worn) Comestibles d - 3 uncursed food rations f - 7 uncursed apples g - 6 uncursed oranges j - 2 uncursed cram rations l - an uncursed tripe ration p - 2 uncursed tins of newt meat Scrolls b - an uncursed scroll of remove curse k - a cursed scroll of enchant weapon m - an uncursed scroll of gold detection o - an uncursed scroll of identify v - an uncursed scroll of earth Spellbooks a - a blessed spellbook of protection Potions c - 3 uncursed potions of healing r - an uncursed potion of hallucination w - an uncursed potion of gain energy Wands t - a cursed wand of opening (0:4) Tools i - a +0 grappling hook (weapon in hand) s - an uncursed tooled horn Spells and supernatural/magical abilities: Name Level Category Fail Memory p - protection 1 clerical 0% 96% W - pray for help -- divine ? -- Your skills at the end: Fighting Skills martial arts [Basic] wands [Basic] Weapon Skills Spellcasting Skills healing spells [Basic] Final Attributes: You were devoutly aligned. You were sleep resistant. You were poison resistant. You saw invisible. You were fast. You are dead. Vanquished creatures: a shrieker 2 coyotes 2 hobbits a hobgoblin a yellow mold 3 jackals a kobold 4 sewer rats a grid bug a newt 17 creatures vanquished. Voluntary challenges: You followed a strict vegan diet. You were an atheist. You never hit with a wielded weapon. You read items or engraved 4 times, starting on turn 735. You never genocided any monsters. You never polymorphed an object. You never changed form. You used no wishes. You never split a pudding. You never wrote Elbereth's name. You never violated your personal moral code. Dungeon overview: The Dungeons of Doom: levels 1 to 4 Level 1 a fountain a long staircase Level 2 a general store Level 3 Level 4 <- You were here a long staircase History has recorded: On T:1 you entered the Dungeons of Doom to retrieve the Amulet of Yendor! On T:288 you reached level 2 of The Dungeons of Doom. On T:623 you reached level 3 of The Dungeons of Doom. On T:754 you advanced to experience level 2. On T:760 you reached level 4 of The Dungeons of Doom. On T:836 you advanced to experience level 3. Score breakdown: Gold: 134 ( 7246 points) Experience: 3 levels ( 7878 points) Exploration: 4 levels ( 7.69%) ( 7276 points) Discoveries: 1 item ( 0.35%) ( 1783 points) Valuables value: (no points given unless you survive) Artifact value: 0 ( 0 points) Variety of kills: 10 monsters ( 2.61%) ( 4847 points) Turncount: 884 turns ( 0 points) Survival: died (score multiplied by 80%) Total score: 23224 Latest messages: You feel a bit steadier now. You kill the coyote! The coyote bites! The coyote staggers from your powerful strike! You kill the coyote! You see here a yellow mold corpse. You see here a coyote corpse. Something is written here in the dust. You read: "Closed for inventory". You stop exploring. This door is locked. Never mind. You are now wielding your iron hook. Where do you want to hit? You won't hit anything if you can't see that spot. You see here a coyote corpse. Where do you want to hit? You hook yourself! You die... Final status: Goodbye Russula the Monk, killed by a grappling hook... You died in The Dungeons of Doom on dungeon level 4 with 23224 points, and 134 pieces of gold, after 884 moves. You were level 3 with a maximum of 19 hit points when you died.